 Dungeon Crawl Stone Soup version 0.31.0-1-g2c135a0 (webtiles) character file.

Game seed: 2354966047957132686

53 brinewave the Firebug (level 3, -1/23 HPs)
             Began as an Octopode Fire Elementalist on Jan 26, 2024.
             Was a Follower of Fedhas.
             Slain by an orc wizard
             ... wielding a +0 dagger
              (2 damage)
             ... on level 3 of the Dungeon.
             The game lasted 00:06:58 (1750 turns).

brinewave the Firebug (Octopode Fire Elementalist)  Turns: 1750, Time: 00:06:58

Health: -1/23      AC:  1    Str: 12    XL:     3   Next: 89%
Magic:  2/6        EV: 13    Int: 27    God:    Fedhas [*.....]
Gold:   66         SH:  0    Dex: 15    Spells: 5/6 levels left

rFire   . . .        (no weapon)
rCold   . . .        (no shield)
rNeg    . . .        j - +0 hat of Action {Str+5 Int+8 Dex-3 Stlth-}
rPois   .            (no amulet)
rElec   .            c - +6 ring of dexterity
rCorr   .            (no ring)
SInv    .            (no ring)
Will    .....        (no ring)
Stlth   ++           (no ring)
HPRegen 0.23/turn    (no ring)
MPRegen 0.10/turn    (no ring)
                     (no ring)

%: no passive effects
@: very slightly contaminated
A: almost no armour, amphibious, 8 rings, camouflage 1, gelatinous body 1,
(nimble swimmer 1), tentacles
a: Renounce Religion


You were on level 3 of the Dungeon.
You worshipped Fedhas.
Fedhas was aware of your devotion.
You visited 1 branch of the dungeon, and saw 3 of its levels.

You collected 66 gold pieces.

Inventory:

Armour
 j - the +0 hat of Action (worn) {Str+5 Int+8 Dex-3 Stlth-}
   (You found it on level 2 of the Dungeon)

   Str+5:     It affects your strength (+5).
   Int+8:     It affects your intelligence (+8).
   Dex-3:     It affects your dexterity (-3).
   Stlth-:    It makes you less stealthy.
Jewellery
 c - a +6 ring of dexterity (left tentacle)
Scrolls
 d - a scroll of revelation {unknown}
 f - 2 scrolls of identify {unknown}
 i - 2 scrolls of poison {unknown}
Potions
 a - a potion of magic
 b - 2 potions of attraction {unknown}
 e - a potion of mutation {unknown}
 g - a potion of degeneration {unknown}
 h - a potion of brilliance {unknown}
 k - a potion of experience {unknown}


   Skills:
 + Level 1.0 Fighting
 + Level 2.4 Dodging
 - Level 2.6 Stealth
 + Level 2.2 Spellcasting
 * Level 2.1 Conjurations
 * Level 3.5 Fire Magic


You had 5 spell levels left.
You knew the following spells:

 Your Spells              Type           Power      Damage    Failure   Level
a - Foxfire               Conj/Fire      72%        2x1d7     3%          1

Your spell library contained the following spells:

 Spells                   Type           Power      Damage    Failure   Level
 Scorch                   Fire           42%        2d6       3%          2
 Freeze                   Ice            8%         1d3       10%         1
 Cigotuvi's Dreadful Rot  Necr/Alch/Air  4%         N/A       14%         2
 Inner Flame              Hex/Fire       12%        N/A       14%         3
 Volatile Blastmotes      Fire/Tloc      24%        2d12      14%         3
 Hailstorm                Conj/Ice       8%         3d5       19%         3
 Frozen Ramparts          Ice            4%         1d1       28%         3
 Flame Wave               Conj/Fire      18%        2d7       30%         4
 Ignite Poison            Fire/Alch      12%        N/A       43%         4
 Freezing Cloud           Conj/Ice/Air   3%         6-21      89%         5


Dungeon Overview and Level Annotations

Branches:
Dungeon (3/15)

Altars:
Fedhas

Annotations:
D:2 1 runed translucent door, Crazy Yiuf


Innate Abilities, Weirdness & Mutations

You cannot wear most types of armour.
You are amphibious.
You can wear up to eight rings at the same time.
Your skin changes colour to match your surroundings (Stealth+).
Your rubbery body absorbs attacks. (AC +1, EV +1)
((You are camouflaged when in or above water. (Stealth+)))
You have tentacles for arms and can constrict up to eight enemies at once.


Message History

Casting: Foxfire (safe; 3% risk of failure)
Press: ? - help, Q - select action Dir - look around, f - activate
There is not enough space to conjure foxfire!
Unknown command.
Your foxfire dissipates!
The foxfire hits the kobold.
You kill the kobold!
Fedhas appreciates your contribution to the ecosystem.
The hound skeleton attacks as it pursues you!
The hound skeleton bites you.
Casting: Foxfire (safe; 3% risk of failure)
Press: ? - help, Q - select action Dir - look around, f - activate You miscast Foxfire.
You are very lightly contaminated with residual magic.
Nothing appears to happen.
The hound skeleton barely misses you. The orc wizard barely misses you.
The hound skeleton closely misses you.
The orc wizard attacks as it pursues you!
The orc wizard barely misses you.
The hound skeleton attacks as it pursues you!
The hound skeleton bites you.
Casting: Foxfire (safe; 3% risk of failure)
Press: ? - help, Q - select action Dir - look around, f - activate You conjure some foxfire!
The hound skeleton bites you.
The orc wizard hits you with a +0 dagger.
The foxfire hits the hound skeleton!
The hound skeleton is severely damaged.
The foxfire hits the hound skeleton.
The hound skeleton is almost destroyed.
The hound skeleton bites you.
* * * LOW HITPOINT WARNING * * *
The orc wizard hits you with a +0 dagger.
* * * LOW HITPOINT WARNING * * *
The hound skeleton bites you.
* * * LOW HITPOINT WARNING * * *
The orc wizard attacks as it pursues you!
The orc wizard hits you with a +0 dagger.
You die...
Fedhas appreciates your contribution to the ecosystem.

############
#....<.....#
#§...).....#
#§oZ.......#
#.@........#
#..........#
#.......[..#
#..........#
#..........#
##.#######[#
#.# ..# ..#
... . .##.


You could see an orc wizard and a hound skeleton.

Vanquished Creatures
  A dart slug (D:1)
  2 orcs (D:3)
  5 endoplasms
  2 giant cockroaches (D:1)
  3 goblins (D:2)
  6 hobgoblins
  6 jackals
  3 quokkas
  4 ball pythons
  6 bats
  A frilled lizard (D:1)
  3 kobolds
42 creatures vanquished.

Vanquished Creatures (others)
  97 foxfires
97 creatures vanquished.

Grand Total: 139 creatures vanquished

Notes
Turn   | Place    | Note
-------+----------+-------------------------------------------
     0 | D:1      | brinewave the Octopode Fire Elementalist began the quest
                  | for the Orb.
     0 | D:1      | Reached XP level 1. HP: 11/11 MP: 3/3
    85 | D:1      | Reached XP level 2. HP: 7/17 MP: 0/5
   319 | D:1      | Found a faded altar of an unknown god.
   412 | D:1      | Reached XP level 3. HP: 22/22 MP: 4/6
   455 | D:1      | Prayed at the altar of an unknown god.
   455 | D:1      | Became a worshipper of Fedhas Madash
   455 | D:1      | Reached * piety under Fedhas
   762 | D:2      | Reached skill level 1 in Fighting
  1244 | D:2      | Identified the +0 hat of Action {Str+5 Int+8 Dex-3 Stlth-}
  1313 | D:2      | Found a runed translucent door.
  1314 | D:2      | Noticed Crazy Yiuf
  1750 | D:3      | HP: 1/23 [hound skeleton (3)]
  1750 | D:3      | Slain by an orc wizard

Illustrated notes

Levels and vault maps discovered:
D:1:      eino_arrival_druids_welcome, layout_rooms,
          hellmonk_ecumenical_altar_leap_of_faith
D:2:      layout_loops_ring, uniq_crazy_yiuf_cottage
D:3:      layout_rooms, lemuel_coloured_pillars_altar,
          nicolae_uskayaw_murder_on_the_dancefloor, serial_undead,
          serial_undead_b, serial_undead_b, serial_undead_e, serial_undead_b,
          uniq_natasha

Skill      XL: |  1  2  3 |
---------------+----------+-----
Fighting       | 1 |  1.0
Conjurations   | 2 |  2.1
Dodging        | |  2.4
Stealth        | |  2.6
Spellcasting   | |  2.2
Fire Magic     | |  3.5

Action                     || total
---------------------------++-------
  Melee: Unarmed           ||    37
         Constrict         ||     9
         Tentacles         ||    10
   Cast: Foxfire           ||    63
 Armour: Skin              ||    62
  Dodge: Dodged            ||    91
